 Dungeon Crawl Stone Soup version 0.28-a0-1159-g27aa881441 (webtiles) character file.

Game seed: 7751872866726898756

774 ChaosChampion the Thaumaturge (level 7, -3/36 HPs)
             Began as a Deep Elf Conjurer on Dec 15, 2021.
             Slain by an ufetubus (5 damage)
             ... on level 5 of the Dungeon.
             The game lasted 00:06:30 (4154 turns).

ChaosChampion the Thaumaturge (Deep Elf Conjurer)   Turns: 4154, Time: 00:06:30

Health: -3/36      AC:  2    Str:  4    XL:     7   Next: 53%
Magic:  10/21      EV: 12    Int: 25    God:
Gold:   258        SH:  0    Dex: 13    Spells: 16/23 levels left

rFire   . . .      SeeInvis .   (no weapon)
rCold   . . .      Faith    .   (no shield)
rNeg    . . .      Spirit   .   a - +0 robe
rPois   .          Reflect  .   (no helmet)
rElec   .          Harm     .   (no cloak)
rCorr   .          Rampage  .   (no gloves)
Will    .....                   (no boots)
Stlth   ++........              (no amulet)
HPRegen 0.12/turn               (no ring)
MPRegen 0.17/turn               (no ring)

@: on berserk cooldown, slowed, very slow
A: no striking features
a: no special abilities


You were on level 5 of the Dungeon.
You visited 1 branch of the dungeon, and saw 5 of its levels.

You collected 258 gold pieces.

Inventory:

Armour
 a - a +0 robe (worn)
Wands
 g - a wand of acid (7)
 j - a wand of charming (3)
Potions
 e - a potion of attraction
 f - a potion of flight {unknown}
 h - a potion of resistance {unknown}
 i - a potion of lignification {unknown}


   Skills:
 - Level 2.4 Dodging
 - Level 2.4 Stealth
 * Level 8.6 Spellcasting
 + Level 6.4 Conjurations
 - Level 4.0 Translocations


You had 16 spell levels left.
You knew the following spells:

 Your Spells              Type           Power      Damage    Failure   Level
a - Magic Dart            Conj           100%       1d8       1%          1
b - Searing Ray           Conj           86%        2d7       1%          2
d - Iskenderun's Mystic   Conj/Tloc      36%        2d9       7%          4

Your spell library contained the following spells:

 Spells                   Type           Power      Damage    Failure   Level
 Dazzling Flash           Conj/Hex       52%        N/A       4%          3
 Slow                     Hex            40%        N/A       6%          1
 Passwall                 Tmut/Erth      8%         N/A       9%          2
 Fulminant Prism          Conj/Hex       13%        3d9       16%         4
 Confusing Touch          Hex            10%        N/A       17%         3
 Swiftness                Air            10%        N/A       17%         3
 Vampiric Draining        Necr           10%        2d6       17%         3


Dungeon Overview and Level Annotations

Branches:
Dungeon (5/15)
 Temple: D:4-7

Altars:
Fedhas

Shops:
D:3 =:(*(

Annotations:
D:2 Terence


Message History

Casting: Magic Dart (safe; 1% risk of failure)
Confirm with . or Enter, or press ? or * to list all spells.
Aiming: Searing Ray (safe; 1% risk of failure)
Press: ? - help, Shift-Dir - straight line, f - ogre, p - ufetubus
Aim: an ogre, wielding a +0 giant spiked club (91% to hit)
The searing ray hits the ogre!
The ogre is moderately wounded. (Press . to maintain the ray.)
The sentinel's mark upon you fades away.
A centaur comes into view.
The centaur wields a +0 shortbow.
The centaur shoots an arrow.
The arrow hits you!
* * * LOW HITPOINT WARNING * * *
A dart slug comes into view.
The dart slug launches a dart at you. The slug dart hits you.
* * * LOW HITPOINT WARNING * * *
You aren't carrying any scrolls.
Okay, then.
The centaur shoots an arrow.
The arrow hits you.
* * * LOW HITPOINT WARNING * * *
You aren't carrying any scrolls.
It was a potion of cancellation.
You feel magically purged. The ufetubus misses you.
The ufetubus barely misses you.
It was a potion of curing.
You feel better. The ufetubus barely misses you. x3
The ufetubus hits you.
* * * LOW HITPOINT WARNING * * *
It was a potion of berserk rage.
A red film seems to cover your vision as you go berserk!
You feel yourself moving faster!
You feel mighty! The ufetubus hits you.
* * * LOW HITPOINT WARNING * * *
The ufetubus closely misses you.
You feel a strong urge to attack something.
You feel your anger nearly subside.
You are no longer berserk.
You are exhausted.
You feel yourself slow down. The ufetubus barely misses you.
The ufetubus hits you but does no damage.
The ufetubus closely misses you. x2
You open the door. The ufetubus hits you.
You die...

.....###.#..........####.##.#####
.................................
.......###.##..........#.##.#####
.............O.........+ #.#
..............#..[.....####.#
.....##.......#........'))..#
.....##....####........######
...........w...5#'######
...w.##....#....@..#
.....##...c#.......#
...................#
######........###+##
#............. #.............
#...##.##..... #...##....)...
#...##.).)#...


You could see a dart slug and an ufetubus.

Vanquished Creatures
  Duvessa (D:5)
  A necrophage (D:4)
  A phantom (D:4)
  A scorpion (D:4)
  Dowan (D:5)
  2 orc priests (D:3)
  Natasha (twice) (D:2)
  2 iguanas
  An orc wizard (D:3)
  A scorpion zombie (D:5)
  4 adders
  8 gnolls
  A white imp (D:3)
  A dart slug (D:1)
  10 orcs
  10 endoplasms
  5 giant cockroaches
  5 hobgoblins
  A quokka (D:4)
  7 ball pythons
  3 bats
  2 frilled lizards (D:3)
  6 goblins
  10 kobolds
  4 rats
90 creatures vanquished.

Notes
Turn   | Place    | Note
-------+----------+-------------------------------------------
     0 | D:1      | ChaosChampion the Deep Elf Conjurer began the quest for the
                  | Orb.
     0 | D:1      | Reached XP level 1. HP: 10/10 MP: 6/6
     1 | D:1      | Noticed an electric eel
   204 | D:1      | Reached XP level 2. HP: 15/15 MP: 5/8
   210 | D:1      | Learned a level 2 spell: Searing Ray
   443 | D:1      | Reached skill level 4 in Spellcasting
   667 | D:1      | Found a faded altar of an unknown god.
   880 | D:1      | Reached XP level 3. HP: 19/19 MP: 8/10
  1348 | D:2      | Noticed Natasha
  1499 | D:2      | Killed Natasha
  1500 | D:2      | Reached skill level 5 in Spellcasting
  1500 | D:2      | Reached skill level 5 in Conjurations
  1577 | D:2      | Noticed Terence
  1621 | D:2      | Reached XP level 4. HP: 22/24 MP: 7/13
  1623 | D:2      | Noticed Natasha
  1729 | D:2      | Killed Natasha
  1766 | D:2      | You fall into a shaft and drop 2 floors!
  1794 | D:4      | Learned a level 4 spell: Iskenderun's Mystic Blast
  1973 | D:3      | Reached skill level 1 in Translocations
  1973 | D:3      | Reached XP level 5. HP: 27/28 MP: 8/15
  2027 | D:3      | Found Topliejee's Book Shoppe.
  2110 | D:3      | Reached skill level 6 in Spellcasting
  2301 | D:3      | Found Buaq's General Store.
  2335 | D:3      | Found Isan's Antique Weapon Shop.
  2791 | D:3      | Found Puewk's Antique Weapon Shop.
  2799 | D:3      | Found Barag's Jewellery Shop.
  2914 | D:3      | Found a blossoming altar of Fedhas.
  2999 | D:4      | Noticed a necrophage
  3005 | D:4      | Killed a necrophage
  3006 | D:4      | Reached XP level 6. HP: 32/32 MP: 9/17
  3017 | D:4      | Reached skill level 7 in Spellcasting
  3409 | D:4      | Reached XP level 7. HP: 36/36 MP: 12/20
  3679 | D:5      | Entered Level 5 of the Dungeon
  3722 | D:5      | Noticed Duvessa
  3731 | D:5      | Noticed Dowan
  3747 | D:5      | Killed Dowan
  3754 | D:5      | Killed Duvessa
  3755 | D:5      | Reached skill level 8 in Spellcasting
  4149 | D:5      | HP: 2/54 [ufetubus (5)]
  4154 | D:5      | Slain by an ufetubus

Illustrated notes

Levels and vault maps discovered:
D:1:      arrival_aquarium_a, layout_loops_corners,
          hellmonk_ecumenical_altar_prayer_group, solitary_fountain
D:2:      layout_rooms, minmay_liquid_box, nrook_mini_backslash,
          minmay_misc_feat_iff, uniq_natasha, uniq_terence
D:3:      layout_basic, fedhas_altar_4, serial_shops, nicolae_diamond_shop,
          shop, nicolae_diamond_shop, shop, nicolae_shop_window_shopping
D:4:      layout_cave_pools
D:5:      layout_basic, minmay_temple_entry_statues_fountains,
          gammafunk_ghost_split, uniq_duvessa

Skill      XL: |  1  2  3  4  5  6  7 |
---------------+----------------------+-----
Spellcasting   | 4 5 6 7 8 |  8.6
Conjurations   | 5 6 |  6.4
Translocations | 1 3 4 |  4.0
Dodging        | |  2.4
Stealth        | |  2.4

Action                   |  1- 3 |  4- 6 |  7- 9 || total
-------------------------+-------+-------+-------++-------
 Cast: Magic Dart        |    42 |    69 |    17 ||   128
       Searing Ray       |    11 |    18 |     8 ||    37
       Iskenderun's Myst |       |       |     3 ||     3
Evoke: Wand              |       |       |     2 ||     2
  Use: Scroll            |       |     2 |       ||     2
       Potion            |       |       |     3 ||     3
Armor: Robe              |     1 |     3 |     1 ||     5
Dodge: Dodged            |     5 |    15 |    19 ||    39

Table legend: (Time is in decaauts)
 A = Elapsed time spent in this place.
 B = Non-inter-level travel time spent in this place.
 C = Inter-level travel time spent in this place.
 D = Time resting spent in this place.
 E = Time spent auto-exploring this place.
 F = Levels seen in this place.
 G = Mean time per level.
                   A        B        C        D        E       F      G
               +--------+--------+--------+--------+--------+-----+--------+
         Total |   4157 |   4102 |     55 |    585 |   2998 |   5 |  831.4 |
       Dungeon |   4157 |   4102 |     55 |    585 |   2998 |   5 |  831.4 |
               +--------+--------+--------+--------+--------+-----+--------+

Top non-repeatable levels by time:
     D:1: 1621 daAuts
     D:3: 1056 daAuts
     D:4: 857 daAuts
     D:5: 474 daAuts
     D:2: 147 daAuts
